[Event "26th Hit Open-A 2022"]
[Site "Nova Gorica"]
[Date "2022.09.19"]
[Round "6.15"]
[White "Sharan, Rao"]
[Black "Centrih, Aleks"]
[Result "1-0"]
[ECO "A06"]
[WhiteElo "2312"]
[BlackElo "2095"]
[Annotator "TA"]
[PlyCount "161"]
[EventDate "2022.09.16"]
[EventType "swiss"]
[EventCountry "SLO"]
[SourceTitle "playchess.com"]
[Source "ChessBase"]
[SourceQuality "1"]
[TimeControl "5400+30"]

1. Nf3 d5 2. b3 Bg4 3. Bb2 Nd7 4. d4 e6 5. e3 Ngf6 {[%emt 0:00:08] CPLX 2.2} 6. Be2 {[%emt 0:00:30] CPLX 2.1 4 (Bf1-d3) (=4). A06: Réti Opening: 1 Nf3 d5.} Bb4+ {[%emt 0:00:10] CPLX 2.1} 7. c3 {[%emt 0:02:37][%cal Bc2c3,Bc3c4][%mdl 32] CPLX 2.2 8 (Nf3-d2) (=6)} Bd6 {[%emt 0:00:07] CPLX 2.5} 8. Nbd2 {[%emt 0:05:32] CPLX 2.1. The position is equal.} c6 {[%emt 0:00:18] BESTDEEP} 9. c4 {[%emt 0:01:10] CPLX 2.1 8 (0-0) (=5)} Bf5 {[%emt 0:11:28] CPLX 2.4 24 (0-0) (=5)} 10. O-O {[%emt 0:02:49] CPLX 2.3 8 (Nf3-h4) (=6)} h5 {[%emt 0:01:40] [#] CPLX 2.5 7 (h7-h6) (=5)} 11. Ne5 $146 {[%emt 0:06:55] CPLX 2.6 23 (Ra1-c1) (=9)} ({Predecessor:} 11. Nh4 Bxh2+ 12. Kh1 Ng4 13. Nxf5 exf5 14. Nf3 Bc7 15. cxd5 Ndf6 16. dxc6 b6 17. Qc2 g6 18. Qc4 {0-1 (32) Hollstein,G-Heine,J Fischbach 1997}) 11... Ng4 {[%emt 0:00:49] BESTDEEP} 12. cxd5 {[%emt 0:18:18] CPLX 3.9 24 (Ne5-f3) (=11)} exd5 {[%emt 0:00:19][%cal Rd7e5] RECAPT} 13. e4 {[%emt 0:04:06] CPLX 3.7 54 (Nd2-f3) (=16)} (13. Ndf3 $11) 13... dxe4 $17 {[%emt 0:37:29][%cal Rd7e5] CPLX 4.0} 14. Ndc4 {[%emt 0:00:37] EASY} Bc7 {[%emt 0:02:50] CPLX 4.6 0 (Nd7-b6) (=3)} 15. g3 {[%emt 0:13:12][%cal Re5g4] Prevents Qh4. CPLX 4.1 15 (h2-h3) (=14)} Ngf6 {[%emt 0:18:51] CPLX 4.2 13 (Nd7-f6) (=4)} 16. Qc1 {[%emt 0:06:29] CPLX 3.3 16 (Nc4-e3) (=15)} Nd5 {[%emt 0:03:21] CPLX 3.3} 17. Ne3 {[%emt 0:08:42] CPLX 3.5 28 (Bb2-a3) (=16)} Be6 {[%emt 0:02:30] CPLX 3.6 19 (Nd5xe3) (=5)} 18. h4 {[%emt 0:11:19] BESTDEEP} N7f6 {[%emt 0:08:55] BESTDEEP} 19. Ba3 {[%emt 0:02:21] CPLX 2.9} Bd6 {[%emt 0:06:14] EASY} 20. N3c4 {[%emt 0:00:04] CPLX 3.3} Be7 {[%emt 0:00:43] CPLX 3.4} 21. Bc5 {[%emt 0:03:53] BESTDEEP} O-O {[%emt 0:00:52] CPLX 3.5} 22. Re1 {[%emt 0:00:31] CPLX 3.2 12 (Qc1-b2) (=12)} Nb6 {[%emt 0:01:50] CPLX 3.2 13 (Rf8-e8) (=4)} 23. Na5 {[%emt 0:01:42][%cal Oa5c6] CPLX 3.2 41 (Bc5xe7) (=13)} Qc7 {[%emt 0:00:52] CPLX 3.1} 24. Qg5 {[%emt 0:02:36] CPLX 3.2 109 (Bc5xe7) (=18)} (24. Bxe7 $17 {was necessary.} Qxe7 25. Qc5) 24... Nbd5 $19 {[%emt 0:01:46] CPLX 4.2} 25. Nac4 {[%emt 0:01:05] Inhibits e3. CPLX 4.5} Rfe8 {[%emt 0:00:33] CPLX 4.2 46 (Ra8-d8) (=6)} (25... Rad8 $19 {aiming for ...b5.} 26. Rac1 e3) 26. Bxh5 {[%emt 0:01:33] CPLX 4.2 26 (Bc5xe7) (=18)} Nxh5 {[%emt 0:00:18] CPLX 5.1 73 (e4-e3) (=9)} ({Black should play} 26... e3 $19 27. Nxe3 (27. fxe3 $2 Bxc5 28. dxc5 Ne4 $19) 27... Nxe3 28. Rxe3 Nd5 29. Bxe7 Rxe7) 27. Qxh5 $17 {[%emt 0:00:35] RECAPT} Nf6 {[%emt 0:00:15] CPLX 4.9 14 (Ra8-d8) (=9)} 28. Qg5 {[%emt 0:00:35] CPLX 5.0 16 (Qh5-e2) (=17)} Bxc5 {[%emt 0:00:57] CPLX 4.4 79 (Ra8-d8) (=12)} (28... Rad8 $17) 29. dxc5 $11 {[%emt 0:00:04] RECAPT} Bxc4 {[%emt 0:00:31] CPLX 3.7 33 (Nf6-h7) (=13)} 30. Nxc4 {[%emt 0:00:30] RECAPT} Nd5 {[%emt 0:00:29] CPLX 2.7 56 (Ra8-d8) (=15)} (30... Rad8 $11) 31. Nd6 $16 {[%emt 0:00:00] EASY} Re6 {[%emt 0:00:04][%cal Oe4e3] CPLX 3.7 36 (e4-e3) (=15)} 32. Rxe4 {[%emt 0:00:34] White is much more active. CPLX 3.5} ({Avoid the trap} 32. Nxe4 $2 Rae8 33. Qg4 Re5 $19) 32... Rxe4 {[%emt 0:00:28] RECAPT} 33. Nxe4 {[%emt 0:00:02] RECAPT} Re8 {[%emt 0:00:19] BESTDEEP} 34. Nd6 {[%emt 0:00:56] EASY} Re6 {[%emt 0:00:06] BESTDEEP} 35. h5 {[%emt 0:00:50] CPLX 3.0 23 (a2-a3) (=14)} Qe7 {[%emt 0:00:34] CPLX 3.2 31 (b7-b6) (=14)} 36. Qg4 {[%emt 0:02:44] RELBLUND 114 (Qg5xe7) (=17)} (36. Qxe7 $1 $16 {White threatens Qd8+ and mate.} Rxe7 37. Rc1) 36... Nf6 $1 $11 {[%emt 0:00:16] DEEPSTRONG=>BLUNDERREACT} 37. Qf3 {[%emt 0:01:04] CPLX 3.2 18 (Qg4-d4) (=17)} Nd5 {[%emt 0:00:56] RELBLUND 85 (Re6-e5) (=16)} (37... Re5 $1 $11) 38. Rf1 {[%emt 0:00:25] CPLX 2.6 51 (Ra1-d1) (=18)} (38. Rd1 $16) 38... b6 $14 {[%emt 0:00:30] CPLX 2.6} 39. Nf5 {[%emt 0:00:32] CPLX 2.8 26 (b3-b4) (=18)} (39. b4 {with more complications.} Nxb4 40. h6 Qf6 41. h7+) 39... Qf6 {[%emt 0:00:13] CPLX 2.8 32 (Qe7-g5) (=16)} 40. cxb6 {[%emt 0:00:15] CPLX 2.6} axb6 {[%emt 0:00:22] RECAPT} 41. Kg2 {[%emt 0:01:19] CPLX 2.5 52 (Rf1-d1) (=19)} (41. Rd1 $14) 41... Re5 {[%emt 0:01:17][%cal Be6e5,Be5h5,Bh5h6][%mdl 32] CPLX 2.5 8 (Qf6-g5) (=15)} 42. Nd4 {[%emt 0:00:19] CPLX 2.6 0 (g3-g4) (=18)} (42. g4 {feels hotter.} Re2 43. Rc1 Rxa2 44. Rc4) 42... Qxf3+ {[%emt 0:00:21] CPLX 2.6 23 (c6-c5) (=16)} 43. Kxf3 $11 {[%emt 0:00:01][%mdl 4096] Endgame KRN-KRN. RECAPT 22 (Nd4xf3) (=18)} c5 {[%emt 0:00:08] EASY} 44. Nc6 {[%emt 0:00:35] CPLX 2.0 3 (Nd4-b5) (=18)} Rxh5 {[%emt 0:00:29] EASY} 45. Rd1 {[%emt 0:00:01][%cal Od1d5] CPLX 2.0 1 (a2-a4) (=18)} Rh6 {[%emt 0:00:36] CPLX 2.0 11 (Nd5-c3) (=15)} 46. Rxd5 {[%emt 0:00:36] CPLX 2.0 10 (Nc6-e5) (=17)} Rxc6 {[%emt 0:00:06] KR-KR. CPLX 2.0} 47. Rd8+ {[%emt 0:00:02] CPLX 2.0} Kh7 {[%emt 0:00:08] LEGAL} 48. Ke4 {[%emt 0:02:01] CPLX 2.0 4 (Kf3-e2) (=17)} c4 {[%emt 0:00:41] CPLX 2.0} 49. Rd2 {[%emt 0:00:22] CPLX 2.0 4 (Rd8-d1) (=16)} c3 $2 {[%emt 0:01:33] RELBLUND 189 (b6-b5) (=18)} (49... b5 $11 {and Black stays safe.}) 50. Rc2 $18 {[%emt 0:00:02] CPLX 2.1=>BLUNDERREACT} b5 {[%emt 0:00:04] CPLX 2.0} 51. a3 {[%emt 0:00:16] BESTDEEP} Ra6 {[%emt 0:00:34] BESTDEEP} 52. Rxc3 {[%emt 0:00:11] Hoping for b4. CPLX 2.0 26 (Ke4-d3) (=16)} Rxa3 {[%emt 0:00:07] CPLX 2.0} 53. Kd4 {[%emt 0:00:15] CPLX 2.0 36 (Ke4-d5) (=16)} Ra2 {[%emt 0:00:16] DEEPSTRONG} 54. f3 {[%emt 0:01:15] CPLX 2.0 19 (Rc3-f3) (=16)} Rg2 {[%emt 0:00:41] CPLX 2.0 92 (b5-b4) (=18)} (54... b4 $14 55. Rc4 f5) 55. g4 $16 {[%emt 0:00:17] Black must now prevent Kc5. CPLX 2.0=>BLUNDERREACT} Re2 {[%emt 0:01:30] CPLX 2.0 26 (b5-b4) (=18)} 56. Rc5 {[%emt 0:01:05] CPLX 2.0 5 (b3-b4) (=16)} Rd2+ {[%emt 0:00:34] BESTDEEP} 57. Ke3 {[%emt 0:00:51] CPLX 2.0} Rb2 {[%emt 0:00:27] CPLX 2.0 0 (Rd2-d1) (=17)} 58. Rxb5 {[%emt 0:00:01] CPLX 2.0} Kg6 {[%emt 0:00:20] CPLX 2.0 100 (Kh7-h6) (=19)} (58... Kh6 $142 59. Kf4 Rb1) 59. Kd4 $18 {[%emt 0:00:29] CPLX 2.0} Kf6 {[%emt 0:00:37] CPLX 2.0} 60. Kc3 {[%emt 0:00:51] CPLX 2.0} Rb1 {[%emt 0:00:27] CPLX 2.0 56 (Rb2-f2) (=19)} 61. Rd5 Ke6 {[%emt 0:00:37] [#]} 62. Rd3 $1 {[%emt 0:00:04] b4 is the strong threat.} f5 $2 (62... Rc1+ 63. Kb2 Rc8) 63. gxf5+ Kxf5 64. b4 {[%emt 0:00:11][%cal Bb3b4,Bb4b5,Bb5b6][%mdl 32] Strongly threatening Kc4.} g5 65. Kc4 {[%emt 0:00:08] White mates.} Kf4 66. b5 Rb2 67. Kc5 Rb1 68. b6 Rb2 69. Kc6 Rc2+ 70. Kb5 Rb2+ 71. Kc5 Rb1 72. Kc6 Rc1+ 73. Kd7 Rb1 {[%emt 0:00:11] [#]} 74. Kc7 $1 Rc1+ 75. Kb8 Rb1 76. b7 Re1 77. Rc3 Re2 78. Kc7 Re7+ 79. Kb6 Re6+ 80. Ka7 Re7 81. Ka8 {[%emt 0:00:05] White used his chance.  Weighted Error Value: White=0.18 (very precise) /Black=0.23 (precise)} 1-0

[Event "26th Hit Open-A 2022"]
[Site "Nova Gorica"]
[Date "2022.09.19"]
[Round "6.17"]
[White "Devnani Kush"]
[Black "Lavrencic, Matic"]
[Result "1/2-1/2"]
[ECO "E04"]
[WhiteElo "2095"]
[BlackElo "2274"]
[Annotator "TA"]
[PlyCount "52"]
[EventDate "2022.09.16"]
[EventType "swiss"]
[EventCountry "SLO"]
[SourceTitle "playchess.com"]
[Source "ChessBase"]
[SourceQuality "1"]
[TimeControl "5400+30"]

1. d4 Nf6 2. c4 e6 3. Nf3 d5 4. g3 dxc4 5. Bg2 c6 6. O-O b5 7. Ne5 {[%emt 0:02:12] E04: Open Catalan: 5 Nf3.} Bb7 8. a4 {[%emt 0:00:56] [#] Hoping for axb5.} a6 9. b3 cxb3 10. Bb2 {[%emt 0:02:55] 10.Qxb3 is more fashionable.} Nbd7 11. Nd3 Qb6 12. Qxb3 Be7 13. Rc1 Rc8 {[%emt 0:04:32] [#]} (13... O-O $15) 14. Nc3 $146 ({Predecessor:} 14. e3 O-O 15. a5 Qc7 16. Ba3 Bxa3 17. Qxa3 e5 18. Nd2 exd4 19. exd4 Rfd8 20. Nb3 {0-1 (77) Navalgund,N (2312)-Avinash,V (1707) Mumbai 2018}) 14... O-O {[%emt 0:05:10] aiming for ...c5.} 15. e3 (15. Ba3 $11 Bxa3 16. Qxa3) 15... c5 $15 16. dxc5 $1 Nxc5 17. Nxc5 Bxg2 ({Of course not} 17... Rxc5 18. Ba3 Bxg2 19. Bxc5 Bxc5 20. Kxg2 $11) 18. Kxg2 {[%emt 0:00:53] [#] Threatens to win with N5e4.} Rxc5 19. axb5 (19. Ba3 $1 $15 Qb7+ 20. Kg1) 19... axb5 (19... Qb7+ $17 20. Kg1 Ng4) 20. Ba3 Qb7+ 21. Kg1 Rh5 {[%emt 0:01:06] Strongly threatening ...b4.} 22. Bxe7 Qxe7 23. Ra5 Ng4 {[%emt 0:06:22] White must now prevent ...Qf6.} 24. Rxb5 {[%emt 0:08:01] The position is equal.} Rxb5 25. Qxb5 Qf6 26. Qe2 Ne5 {[%emt 0:02:13] Weighted Error Value: White=0.13 (very precise) /Black=0.12 (very precise)} 1/2-1/2

[Event "26th Hit Open-A 2022"]
[Site "Nova Gorica"]
[Date "2022.09.19"]
[Round "6.18"]
[White "Labrovic, Jakov"]
[Black "Ronka, Erik"]
[Result "0-1"]
[ECO "D94"]
[WhiteElo "1882"]
[BlackElo "2248"]
[Annotator "TA"]
[PlyCount "100"]
[EventDate "2022.09.16"]
[EventType "swiss"]
[EventCountry "SLO"]
[SourceTitle "playchess.com"]
[Source "ChessBase"]
[SourceQuality "1"]
[TimeControl "5400+30"]

1. e4 c6 2. d4 d5 3. exd5 cxd5 4. c4 Nf6 5. Nc3 g6 6. Be3 Bg7 7. Nf3 O-O 8. Be2 Nc6 9. O-O dxc4 10. Bxc4 Na5 {[%emt 0:00:15] D94: Grünfeld: 4 Nf3 Bg7 5 e3.} 11. Be2 Be6 12. Re1 Rc8 {[%emt 0:04:38] [#] The position is equal.} 13. Ng5 $146 ({Predecessor:} 13. Qd2 Bc4 14. Bh6 Nd5 15. Bxg7 Kxg7 16. Ne5 Nxc3 17. bxc3 e6 18. Ng4 Qh4 19. g3 {0-1 (38) Lauridsen,J (2208)-Fus,J (2382) Chess.com INT 2022}) 13... Bc4 14. Rc1 Qd7 15. Bf3 b6 16. b3 Bd5 17. Qe2 Bxf3 18. Nxf3 Nd5 19. Nxd5 Qxd5 20. Qa6 Qd7 21. Red1 Nc6 22. Qa4 Nb8 23. Qa3 e6 24. Ne5 Qb7 25. Nc4 Qa6 (25... Rfd8 {is interesting.} 26. Ne5 Rxc1 27. Rxc1 f6) 26. Qxa6 Nxa6 27. a3 {[%emt 0:00:50] Prevents Nb4.} Rfd8 28. Kf1 Nb8 {[%emt 0:00:59] [#]} (28... Nc7 $11) 29. Ne5 (29. Nd6 $1 $14 Rc6 30. Nb5) 29... f6 $11 30. Rxc8 Rxc8 31. Nc4 Bf8 32. a4 Kf7 33. Ke2 Na6 34. g4 g5 35. f4 h6 36. fxg5 hxg5 37. Rf1 {[%emt 0:00:23] [#] Strongly threatening Bxg5.} Kg6 38. Rf3 Nb4 39. Bf2 Nd5 40. Bg3 a6 41. Kd3 $2 {[%emt 0:00:54] This costs White the game.} ({White should play} 41. h4 $15) 41... b5 $19 {[%emt 0:00:51] ...Nb4+ is the strong threat.} 42. axb5 axb5 43. Nd2 (43. Nd6 $142 Rc3+ 44. Ke2) 43... Rc3+ 44. Ke2 Rc2 45. Kd1 Ra2 {[%emt 0:00:42] White must now prevent ...Bb4.} 46. Ne4 f5 {[%emt 0:00:46] And now ...Bb4 would win.} 47. Nc5 f4 48. Nxe6 Bb4 (48... Bd6 $142 49. Bf2 Bb4) 49. Bf2 (49. Bxf4 Nxf4 50. Nxf4+ gxf4 51. Rxf4) 49... Nc3+ 50. Kc1 Ba3# {[%emt 0:00:52] Weighted Error Value: White=0.47/Black=0.18 (very precise)} 0-1

[Event "26th Hit Open-A 2022"]
[Site "Nova Gorica"]
[Date "2022.09.19"]
[Round "6.19"]
[White "Leitner, Gerald"]
[Black "Lodici, Lorenzo"]
[Result "0-1"]
[ECO "A09"]
[WhiteElo "2181"]
[BlackElo "2559"]
[Annotator "TA"]
[PlyCount "116"]
[EventDate "2022.09.16"]
[EventType "swiss"]
[EventCountry "SLO"]
[SourceTitle "playchess.com"]
[Source "ChessBase"]
[SourceQuality "1"]
[TimeControl "5400+30"]

1. Nf3 d5 2. c4 d4 3. g3 Nc6 4. Bg2 e5 5. d3 Bb4+ 6. Nbd2 {[%emt 0:00:30] CPLX 2.1 19 (Bc1-d2) (=19)} a5 {[%emt 0:00:04] BESTDEEP. A09: Réti Opening: 1 Nf3 d5 2 c4.} 7. O-O {[%emt 0:00:37] BESTDEEP} Nf6 {[%emt 0:00:05] CPLX 2.1} 8. Rb1 {[%emt 0:17:00] CPLX 2.1 1 (a2-a3) (=7)} O-O {[%emt 0:04:57] [#] CPLX 2.1. Black is slightly better.} 9. Nb3 $146 {[%emt 0:04:06] CPLX 2.1 25 (Nf3-e1) (=11)} ({Predecessor:} 9. a3 Bd6 10. b4 axb4 11. axb4 Nxb4 12. Nb3 c5 13. Bd2 Nc6 14. Ng5 Bf5 15. e4 dxe3 16. Bxe3 {½-½ (46) Saraci,N (2398)-Grigoriants,S (2540) Chess.com INT 2019}) 9... h6 {[%emt 0:04:47] BESTDEEP} 10. a3 {[%emt 0:04:43] CPLX 2.4 8 (Bc1-d2) (=11)} Be7 {[%emt 0:00:30] CPLX 2.6} 11. Na1 {[%emt 0:00:05] CPLX 2.2 1 (Nf3-e1) (=9)} Nd7 {[%emt 0:07:34] CPLX 2.0 48 (a5-a4) (=8)} (11... a4 $15) 12. Nc2 $11 {[%emt 0:00:29] CPLX 2.0} a4 {[%emt 0:01:40] BESTDEEP} 13. Bd2 {[%emt 0:05:30] CPLX 2.0} Bd6 {[%emt 0:02:23] CPLX 2.1 24 (Nd7-c5) (=9)} 14. Re1 {[%emt 0:06:00] RELBLUND 66 (e2-e3) (=13)} (14. e3 $11) 14... Nc5 $15 {[%emt 0:06:11] CPLX 2.1} 15. Bb4 {[%emt 0:02:50] CPLX 2.2} Na6 {[%emt 0:11:37][%cal Ra6b4] CPLX 2.4 5 (Bc8-g4) (=8)} (15... Bg4 {keeps more tension.} 16. e3 Nb3 17. exd4 Bxb4 18. axb4 Ncxd4 19. Ncxd4 Nxd4 20. Re4 Bxf3 21. Bxf3 Qd6) 16. Bxd6 {[%emt 0:02:21] EASY} Qxd6 {[%emt 0:00:09] RECAPT} 17. e3 {[%emt 0:10:00] CPLX 2.1} Nc5 {[%emt 0:07:26] CPLX 2.3 16 (Bc8-g4) (=8)} (17... Bg4 $5 ) 18. Nb4 {[%emt 0:03:21] CPLX 2.4 52 (Nf3xe5) (=13)} (18. Nxe5 $11 Nxe5 19. exd4) 18... Na5 {[%emt 0:00:19] CPLX 2.6 30 (Bc8-g4) (=9)} 19. exd4 {[%emt 0:02:02] CPLX 2.4} exd4 {[%emt 0:00:05] RECAPT} 20. Re5 {[%emt 0:03:55] CPLX 2.2 29 (Nf3-d2) (=13)} c6 {[%emt 0:01:41] Prevents Rd5. BESTDEEP} 21. Qc2 {[%emt 0:04:03] CPLX 2.6 8 (Qd1-e2) (=13)} f6 {[%emt 0:11:00] CPLX 2.6 31 (Bc8-g4) (=10)} 22. Re2 {[%emt 0:00:42] CPLX 2.7 40 (Re5xc5) (=15)} Nab3 {[%emt 0:00:05] CPLX 2.2 21 (Bc8-g4) (=10)} 23. Rbe1 {[%emt 0:00:23] CPLX 2.4 7 (Nf3-d2) (=14)} g5 {[%emt 0:00:07] CPLX 2.4 7 (Bc8-g4) (=10)} 24. Re8 {[%emt 0:04:18] CPLX 2.5 24 (Nf3-d2) (=15)} Bf5 {[%emt 0:01:54] CPLX 3.4 20 (Rf8xe8) (=11)} 25. Rxa8 {[%emt 0:00:02] BESTDEEP} Rxa8 {[%emt 0:00:07] RECAPT} 26. Nd2 {[%emt 0:02:43] CPLX 2.5} Nxd2 {[%emt 0:00:05] Black is more active. CPLX 2.6 6 (Qd6-f8) (=10)} 27. Qxd2 {[%emt 0:00:01] RECAPT} Bg6 {[%emt 0:00:15] CPLX 2.1} 28. Bh3 {[%emt 0:04:00] CPLX 2.0 12 (Bg2-f3) (=13)} h5 {[%emt 0:00:56][%cal Bh6h5,Bh5h4][%mdl 32] CPLX 2.1 12 (Kg8-f7) (=10)} (28... Kf7 {feels hotter.} 29. f4 gxf4 30. gxf4 Bh5) 29. Bg2 {[%emt 0:00:59] CPLX 2.2 39 (f2-f4) (=14)} Kf7 {[%emt 0:00:37] CPLX 2.0 15 (Kg8-g7) (=10)} 30. Bf1 {[%emt 0:03:09] CPLX 2.6 25 (Bg2-h3) (=14)} h4 {[%emt 0:00:40] BESTDEEP} 31. Bg2 {[%emt 0:04:00] CPLX 2.9 4 (Bf1-e2) (=14)} Rh8 {[%emt 0:00:28] CPLX 3.0} 32. Qe2 {[%emt 0:00:49] CPLX 3.0 0 (Qd2-d1) (=13)} Nd7 {[%emt 0:03:34] CPLX 4.0 24 (Qd6-e6) (=10)} 33. Be4 {[%emt 0:01:17] CPLX 4.1 61 (Bg2-h3) (=15)} (33. Bh3 $142 Nc5 34. Bg2) 33... f5 $17 {[%emt 0:00:39] BESTDEEP} 34. Bg2 {[%emt 0:00:38] CPLX 2.6} Kf6 {[%emt 0:00:04] BESTDEEP} 35. Qd1 {[%emt 0:01:17] CPLX 4.5 38 (Qe2-d2) (=15)} Ne5 {[%emt 0:03:51] BESTDEEP} 36. f3 {[%emt 0:05:15] CPLX 4.1 97 (Qd1-d2) (=18)} ({But not} 36. Qxa4 h3 37. Bh1 f4 $17) (36. Qd2 $17) 36... hxg3 $19 {[%emt 0:03:29] CPLX 3.6} 37. hxg3 {[%emt 0:00:00] RECAPT} f4 {[%emt 0:00:09] CPLX 3.8 28 (Ne5-d7) (=9)} 38. gxf4 {[%emt 0:00:00] CPLX 4.0} gxf4 {[%emt 0:00:05] RECAPT} 39. Qd2 {[%emt 0:00:00] CPLX 4.2 8 (Re1-e2) (=17)} Nd7 {[%emt 0:01:22][%cal Be5d7,Bd7c5,Bc5e6,Be6g7,Bg7h5][%mdl 32] MISS-Kf6-g5 74 (Kf6-g5) (=11)} 40. Kf2 {[%emt 0:00:00] Loses the game. CPLX 4.0 143 (Nb4-a2) (=20)} (40. Na2 $17 {was called for.}) 40... Nc5 {[%emt 0:00:25] BESTDEEP} 41. Kg1 {[%emt 0:02:52] CPLX 4.8 57 (Re1-e2) (=21)} Bf5 {[%emt 0:00:52] CPLX 3.9 84 (Kf6-f7) (=12)} 42. Kf2 {[%emt 0:03:38] CPLX 4.1 67 (Qd2-e2) (=22)} Qc7 {[%emt 0:00:46] CPLX 4.8 74 (Kf6-f7) (=14)} 43. Qe2 {[%emt 0:03:00] CPLX 4.8 79 (Kf2-g1) (=24)} Ne6 {[%emt 0:01:16] CPLX 5.6 72 (Rh8-g8) (=16)} 44. Rh1 {[%emt 0:00:20] CPLX 5.4 112 (Kf2-g1) (=26)} (44. Kg1 {was necessary.}) 44... Re8 {[%emt 0:00:52] DEEPSTRONG=>BLUNDERREACT} 45. Kg1 {[%emt 0:01:59] CPLX 4.9 0 (Rh1-h4) (=26)} Ng7 {[%emt 0:01:14] BESTDEEP} 46. Qf2 {[%emt 0:00:28] BESTDEEP} Qe5 {[%emt 0:00:14] CPLX 4.5} 47. Rh6+ {[%emt 0:00:27] CPLX 4.1 101 (Rh1-h4) (=27)} Kf7 {[%emt 0:00:02] CPLX 3.7 56 (Bf5-g6) (=15)} 48. Rh4 {[%emt 0:02:18] BESTDEEP} Kg6 {[%emt 0:01:03] And now ...Nh5 would win. BESTDEEP} 49. Bf1 {[%emt 0:00:10] CPLX 4.1 90 (Bg2-h3) (=28)} Nh5 {[%emt 0:01:21] DEEPSTRONG} 50. c5 {[%emt 0:00:55] CPLX 4.4 97 (Nb4-c2) (=29)} Qxc5 $2 {[%emt 0:03:59] CPLX 4.4 339 (Qe5-e7) (=22)} (50... Qe7 51. Rxh5 (51. Qg2+ $2 Ng3 $19) 51... Kxh5) 51. Qh2 $2 {[%emt 0:00:36] MISS-Qf2-g2 400 (Qf2-g2) (=37)} (51. Qg2+ Kh6 52. Qh2) 51... Bc8 {[%emt 0:00:52] [#] White must now prevent ...Qg5+. CPLX 4.5} 52. Nc2 {[%emt 0:00:32] CPLX 5.0 334 (Kg1-f2) (=43)} Qg5+ {[%emt 0:00:45] CPLX 5.1=>BLUNDERREACT} 53. Kf2 {[%emt 0:00:22] CPLX 4.1 0 (Qh2-g2) (=43)} c5 {[%emt 0:00:14] aiming for ...Ng3. CPLX 5.8 201 (Nh5-g3) (=25)} 54. Bg2 {[%emt 0:01:17] CPLX 5.7 222 (Rh4xh5) (=46)} Bf5 {[%emt 0:00:42] Hoping for ...Ng3. EASY} 55. Ne1 {[%emt 0:00:18] RELBLUND 400 (Rh4xh5) (=53)} Qg3+ {[%emt 0:00:18] CPLX 5.6 400 (Qg5-e7) (=32)} (55... Qe7 $142 56. Bf1 Qxe1+ 57. Kg1 Bxd3 58. Rg4+ Kh6) 56. Qxg3+ {[%emt 0:00:02] EASY} fxg3+ {[%emt 0:00:07] RECAPT} 57. Kf1 {[%emt 0:00:01] EASY} Kg5 {[%emt 0:00:07] CPLX 2.5} 58. Rh1 {[%emt 0:01:05] RELBLUND 400 (Rh4-e4) (=58)} Nf4 {[%emt 0:00:05] Weighted Error Value: White=0.78/Black=0.46} 0-1